 Dungeon Crawl Stone Soup version 0.23.0-3-gf3c87f2 (webtiles) character file.

Game seed: 1019145325720204234

247 misha the Chucker (level 6, 0/70 HPs)
             Began as a Merfolk Gladiator on Feb 22, 2019.
             Killed by divine providence
             ... invoked by an orc priest
              (13 damage)
             ... on level 4 of the Dungeon.
             The game lasted 00:14:30 (4327 turns).

misha the Chucker (Merfolk Gladiator)               Turns: 4327, Time: 00:14:31

Health: 0/70       AC: 23    Str: 20 (21) XL:     6   Next: 11%
Magic:  6/6        EV:  2    Int:  7 (8)  God:
Gold:   111        SH:  0    Dex: 19 (20) Spells: 5/5 levels left

rFire    . . .     SeeInvis .   a - +1 dagger (venom)
rCold    . . .     Gourm    .   (no shield)
rNeg     + + +     Faith    .   (armour currently unavailable)
rPois    +         Spirit   .   (helmet currently unavailable)
rElec    .         Reflect  .   (cloak currently unavailable)
rCorr    .         Harm     .   (gloves currently unavailable)
MR       .....     NoTele   +   (boots currently unavailable)
Stlth    +++.......             (no amulet)
HPRegen  0.21/turn              (no ring)
MPRegen  0.10/turn              (no ring)

@: mighty, agile, tree-form
A: (change form in water), (swift swim), (stealthy swim)
a: no special abilities


You were on level 4 of the Dungeon.
You were not hungry.
You were a tree.
You visited 1 branch of the dungeon, and saw 4 of its levels.

You collected 111 gold pieces.

Inventory:

Hand Weapons
 a - a +1 dagger of venom (weapon)
 b - a +0 short sword of draining
 n - a +0 long sword
 o - a +0 halberd
Missiles
 d - 3 throwing nets (quivered)
 e - 58 stones
 h - 33 sling bullets
 p - 53 arrows
Armour
 c - a +0 helmet (melded)
 m - a +0 leather armour (melded)
Wands
 s - a wand of flame (19)
 v - a wand of random effects (15)
Scrolls
 i - a scroll of remove curse
 j - a scroll of identify
 q - a scroll of amnesia
Potions
 g - a potion of might
Comestibles
 f - 3 rations


   Skills:
 - Level 3.0 Fighting
 - Level 4.0 Long Blades
 + Level 5.4 Throwing
 - Level 4.1 Dodging


You had 5 spell levels left.
You didn't know any spells.
Your spell library was empty.

Dungeon Overview and Level Annotations

Branches:
Dungeon (4/15)
 Temple: D:4-7

Altars:
Dithmenos
Ru
Sif Muna
Vehumet
Xom
Yredelemnul

Annotations:
D:4 Eustachio


Message History

You are too injured to fight recklessly!
You are too injured to fight recklessly!
You are too injured to fight recklessly!
You are too injured to fight recklessly!
You are too injured to fight recklessly!
You are too injured to fight recklessly!
You are too injured to fight recklessly!
You closely miss the orc. The bat hits you but does no damage. x2
The orc hits you but does no damage.
You are too injured to fight recklessly!
You puncture the orc!
You kill the orc!
The bat hits you but does no damage.
You are too injured to fight recklessly!
You hit the orc priest.
The orc priest is poisoned.
The orc priest is heavily wounded.
The bat hits you but does no damage.
The orc priest invokes the aid of Beogh against you.
Beogh smites you!
You die...

#.## # ########
#....... #.......
+......$
#.############.......
#..o♣brrr@...........
###################..
#.. #.. #.. ...


You could see Eustachio, an orc priest, a river rat, a quokka, a bat and a rat.

Vanquished Creatures
  3 orc wizards
  5 adders
  4 worms
  2 dart slugs
  A leopard gecko (D:2)
  13 orcs
  10 bats
  3 giant cockroaches
  5 goblins
  9 hobgoblins
  4 jackals
  10 kobolds
  A quokka (D:4)
  2 ball pythons
  4 frilled lizards (D:1)
  A quokka skeleton (D:4)
  13 rats
90 creatures vanquished.

Notes
Turn   | Place    | Note
-------+----------+-------------------------------------------
     0 | D:1      | misha the Merfolk Gladiator began the quest for the Orb.
     0 | D:1      | Reached XP level 1. HP: 16/16 MP: 1/1
   158 | D:1      | Reached XP level 2. HP: 23/23 MP: 2/2
   699 | D:1      | Found a deep blue altar of Sif Muna.
   701 | D:1      | Found a bloodstained altar of Trog.
   701 | D:1      | Found a snail-covered altar of Cheibriados.
   703 | D:1      | Found an iron altar of Okawaru.
   703 | D:1      | Found a shimmering altar of Xom.
   703 | D:1      | Found a shattered altar of Ashenzari.
   773 | D:1      | Reached XP level 3. HP: 28/28 MP: 3/3
  1408 | D:2      | Found a deep blue altar of Sif Muna.
  1880 | D:2      | Found a sacrificial altar of Ru.
  2034 | D:2      | Found a shadowy altar of Dithmenos.
  2048 | D:2      | Reached XP level 4. HP: 34/35 MP: 4/4
  2080 | D:2      | Reached skill level 3 in Throwing
  2101 | D:2      | Found a radiant altar of Vehumet.
  2595 | D:3      | Found a basalt altar of Yredelemnul.
  2962 | D:3      | Reached skill level 4 in Throwing
  2962 | D:3      | Reached XP level 5. HP: 36/41 MP: 5/5
  4245 | D:4      | Found a sacrificial altar of Ru.
  4252 | D:4      | Noticed Eustachio
  4310 | D:4      | HP: 2/41 [orc wizard/puff of flame (7)]
  4317 | D:4      | Reached skill level 5 in Throwing
  4324 | D:4      | Reached XP level 6. HP: 13/47 MP: 6/6
  4327 | D:4      | Killed from afar by an orc priest

Skill      XL: |  1  2  3  4  5 |
---------------+----------------+-----
Fighting       | 3 |  3.0
Long Blades    | 4 |  4.0
Throwing       | 4 5 |  5.4
Dodging        | |  4.1

Action                   |  1- 3 |  4- 6 || total
-------------------------+-------+-------++-------
Melee: Long sword        |     8 |       ||     8
       Short sword       |    96 |       ||    96
       Dagger            |    12 |   135 ||   147
       Halberd           |     6 |       ||     6
  Use: Scroll            |     1 |     3 ||     4
       Potion            |       |     8 ||     8
 Stab: Sleeping          |     3 |       ||     3
  Eat: Chunk             |     4 |     1 ||     5
       Ration            |       |     2 ||     2
Armor: Leather armour    |    26 |    38 ||    64
       Skin              |       |    14 ||    14
Dodge: Dodged            |    87 |   151 ||   238
       Rpst.: Long sword |     5 |       ||     5
